 Dungeon Crawl Stone Soup version 0.31-a0-1576-ga3383bade6 (webtiles) character file.

Game seed: 11623689595123597903

138 grandjackal the Chopper (level 5, -1/41 HPs)
             Began as a Demonspawn Gladiator on Jan 4, 2024.
             Slain by Grinder (5 damage)
             ... on level 3 of the Dungeon.
             The game lasted 00:02:24 (1959 turns).

grandjackal the Chopper (Demonspawn Gladiator)      Turns: 1959, Time: 00:02:26

Health: -1/41      AC:  7    Str: 17    XL:     5   Next: 1%
Magic:  5/5        EV: 11    Int:  8    God:
Gold:   141        SH:  0    Dex: 14    Spells: 4/4 levels left

rFire   . . .        f - +1 flail (heavy)
rCold   . . .        (no shield)
rNeg    . . .        h - +0 ring mail
rPois   .            (helmet restricted)
rElec   .            (no cloak)
rCorr   .            (no gloves)
SInv    .            (no boots)
Will    .....        (no amulet)
Stlth   +            (no ring)
HPRegen 0.26/turn    (no ring)
MPRegen 0.09/turn

%: no passive effects
@: no status effects
A: antennae 1, slimy green scales 1, demonic magic 1
a: no special abilities


You were on level 3 of the Dungeon.
You visited 1 branch of the dungeon, and saw 3 of its levels.

You collected 141 gold pieces.

Inventory:

Hand Weapons
 a - a +0 war axe
 f - a +1 heavy flail (weapon)
Missiles
 d - 3 throwing nets (quivered)
 e - a javelin
Armour
 h - a +0 ring mail (worn)
Wands
 j - a wand of digging (7)
 l - a wand of flame (11)
Scrolls
 b - a scroll of brand weapon {unknown}
 g - 3 scrolls of identify {unknown}
 i - a scroll of immolation {unknown}
 m - a scroll of enchant armour {unknown}
 q - a scroll of fear {unknown}
 r - a scroll of vulnerability {unknown}
Potions
 c - 2 potions of curing {unknown}
 k - a potion of attraction {unknown}
 n - 2 potions of resistance {unknown}
 o - a potion of might {unknown}
 p - 2 potions of lignification {unknown}


   Skills:
 + Level 3.4 Fighting
 + Level 3.6 Axes
 - Level 2.0 Throwing
 + Level 1.7 Armour
 - Level 3.0 Dodging


You had 4 spell levels left.
You didn't know any spells.
Your spell library contained the following spells:

 Spells                   Type           Power      Damage    Failure   Level
 Dazzling Flash           Conj/Hex       0%         N/A       93%         3
 Mephitic Cloud           Conj/Alch/Air  0%         N/A       93%         3
 Curse of Agony           Necr           0%         N/A       100%        5
 Silence                  Hex/Air        0%         N/A       100%        5


Dungeon Overview and Level Annotations

Branches:
Dungeon (3/15)

Altars:
Xom

Shops:
D:2 *

Annotations:
D:3 Grinder


Innate Abilities, Weirdness & Mutations

You have a pair of small antennae on your head.
You are partially covered in slimy green scales. (AC +2)
Spells you cast may paralyse adjacent enemies.


Message History

Grinder is heavily wounded.
Grinder hits you but does no damage. Grinder hits you.
You writhe in agony.
You hit Grinder.
Grinder is severely wounded.
Grinder hits you.
You writhe in agony.
Grinder gestures at you. You resist with significant effort.
You hit Grinder.
Grinder is severely wounded.
Grinder gestures at you.
You suddenly lose the ability to move!
Grinder hits you but does no damage.
You can move again.
You hit Grinder.
Grinder is almost dead.
Grinder gestures at you. You resist with significant effort.
Grinder gestures at you. You resist with significant effort.
You barely miss Grinder.
Grinder is almost dead.
Grinder closely misses you. Grinder hits you.
You writhe in agony.
You closely miss Grinder.
Grinder is severely wounded.
Grinder gestures at you. Pain shoots through your body!
Grinder blinks!
Grinder barely misses you.
You barely miss Grinder.
Grinder is severely wounded.
Grinder gestures at you. Pain shoots through your body!
* * * LOW HITPOINT WARNING * * *
Grinder closely misses you.
You are too injured to fight recklessly!
You closely miss Grinder.
Grinder is severely wounded.
Grinder barely misses you. Grinder hits you.
* * * LOW HITPOINT WARNING * * *
You writhe in agony.
You die...
Grinder says, "Hey, I wasn't done torturing you yet!"

.......... #.......#
#####..... #.......#
. ##..#. #.......#.#
#..## #.......#.###
#....
#...............#...
#...................
#................###
#..@....#+###+#..
##5.............
#...##......... #
#...##.......... .
#...##.......... #
#...##.......... #
#...##[......... #
#...'...........# #
#...##..........# #


You could see Grinder.

Vanquished Creatures
  Ijyb (D:3)
  Robin (D:3)
  A gnoll (D:1)
  3 adders (D:2)
  2 orcs (D:3)
  8 ball pythons
  2 endoplasms (D:2)
  A giant cockroach (D:2)
  8 hobgoblins
  7 bats
  4 frilled lizards
  18 goblins
  5 kobolds
  4 rats
65 creatures vanquished.

Notes
Turn   | Place    | Note
-------+----------+-------------------------------------------
     0 | D:1      | grandjackal the Demonspawn Gladiator began the quest for
                  | the Orb.
     0 | D:1      | Reached XP level 1. HP: 16/16 MP: 1/1
    40 | D:1      | Gained mutation: You are partially covered in slimy green
                  | scales. (AC +2) [demonic ancestry]
    40 | D:1      | Reached XP level 2. HP: 20/22 MP: 2/2
   310 | D:1      | Gained mutation: You have a pair of small antennae on your
                  | head. [demonic ancestry]
   310 | D:1      | Reached XP level 3. HP: 26/28 MP: 3/3
   566 | D:2      | Found Rubbup's General Store.
   748 | D:2      | Reached skill level 1 in Armour
   779 | D:2      | Found a shimmering altar of Xom.
   823 | D:2      | Gained mutation: Spells you cast may paralyse adjacent
                  | enemies. [demonic ancestry]
   823 | D:2      | Reached XP level 4. HP: 21/35 MP: 4/4
  1056 | D:3      | Found a faded altar of an unknown god.
  1082 | D:3      | Noticed Ijyb
  1091 | D:3      | Killed Ijyb
  1323 | D:3      | Noticed Robin
  1347 | D:3      | Killed Robin
  1675 | D:3      | Reached XP level 5. HP: 41/41 MP: 5/5
  1944 | D:3      | Noticed Grinder
  1953 | D:3      | Paralysed by Grinder for 2 turns
  1959 | D:3      | Slain by Grinder

Illustrated notes

Levels and vault maps discovered:
D:1:      saegor_arrival_simple_c, layout_rooms, nicolae_grassy_gnolls
D:2:      layout_rooms, basic_altar, serial_shops, nicolae_shop_stone
D:3:      kennysheep_the_goblin_king, layout_basic,
          ebering_ecumenical_altar_mist, uniq_robin, uniq_grinder

Skill      XL: |  1  2  3 |
---------------+----------+-----
Throwing       | 2 |  2.0
Axes           | 3 |  3.6
Dodging        | 3 |  3.0
Armour         | 1 |  1.7
Fighting       | 3 |  3.4

Action                     |  1- 3 |  4- 6 || total
---------------------------+-------+-------++-------
  Melee: War axe           |     4 |       ||     4
         Flail             |    75 |    64 ||   139
  Evoke: Wand              |       |     6 ||     6
 Armour: Leather armour    |    21 |       ||    21
         Ring mail         |    59 |    67 ||   126
  Dodge: Dodged            |    80 |    54 ||   134

Table legend: (Time is in decaauts)
 A = Elapsed time spent in this place.
 B = Non-inter-level travel time spent in this place.
 C = Inter-level travel time spent in this place.
 D = Time resting spent in this place.
 E = Time spent auto-exploring this place.
 F = Levels seen in this place.
 G = Mean time per level.
                   A        B        C        D        E       F      G
               +--------+--------+--------+--------+--------+-----+--------+
         Total |   2092 |   2051 |     41 |    237 |   1294 |   3 |  697.3 |
       Dungeon |   2092 |   2051 |     41 |    237 |   1294 |   3 |  697.3 |
               +--------+--------+--------+--------+--------+-----+--------+

Top non-repeatable levels by time:
     D:3: 992 daAuts
     D:2: 628 daAuts
     D:1: 471 daAuts
